AoeStats
← [AdelB] TupacPalo

Arabia

506623971Analyzed
1v1 RM · 19d ago on Sep 14, 2026· 49m 57s· 2 players
Game mode
Random Map
Map size
Tiny (2 player)
Population
200
Speed
Normal
Resources
Standard
Victory
Conquest
Starting age
Dark Age
Ending age
Imperial Age
RankedLock teamsTeams togetherTeam positionsShared explorationLock speedFull tech treeHidden civsTurbo modeCheats
Victory
Defeat
🇹🇼 Persians · Taiwan
1487
+13
🇦🇷 Vietnamese · Argentina
1421
-13
[AdelB] TupacPalo
7:18 Loom
9:34 Feudal Age
10:45 Double-Bit Axe
10:41 Horse Collar
11:03 Town Watch
18:25 Wheelbarrow
21:31 Castle Age
20:00 Gold Mining
20:10 Fletching
21:36 Bloodlines
22:24 Bow Saw
22:13 Bodkin Arrow
24:27 Heavy Plow
25:12 Thumb Ring
27:50 Husbandry
28:46 Hand Cart
30:16 Ballistics
31:55 Sanctity
37:34 Imperial Age
35:21 Padded Archer Armor
35:32 Scale Barding Armor
35:43 Forging
36:12 Stone Mining
39:33 Bracer
40:35 Chemistry
39:03 Heavy Cavalry Archer
43:15 Elite Fire Lancer
44:18 Leather Archer Armor
44:40 Iron Casting
44:07 Scale Mail Armor
44:39 Squires
48:12 Stone Shaft Mining
47:54 Guilds
48:19 Chain Mail Armor
50:17 Plate Mail Armor
Lycoris Recoil
6:06 Loom
9:13 Feudal Age
9:43 Double-Bit Axe
15:22 Horse Collar
17:55 Gold Mining
20:47 Castle Age
20:21 Bloodlines
20:17 Scale Barding Armor
20:23 Forging
23:12 Husbandry
26:28 Chain Barding Armor
28:04 Wheelbarrow
29:12 Town Watch
31:12 Bow Saw
35:57 Imperial Age
34:10 Iron Casting
33:40 Heavy Plow
37:33 Cavalier
39:14 Plate Barding Armor
40:56 Blast Furnace
42:26 Chemistry
43:18 Two-Man Saw
45:15 Hand Cart
45:41 Conscription
45:44 Savar
47:47 Ballistics
47:38 Masonry
47:28 Fletching
48:36 Stone Mining
49:59 Bodkin Arrow
Connection lost

Rejoining the realm…

Still unreachable

The connection could not be restored.

Session expired

The server has moved on; the page needs a fresh start.